 Dungeon Crawl Stone Soup version 0.14-a0-218-g24e112a (webtiles) character file.

231 Malachi the Skirmisher (level 5, -7/32 HPs)
             Began as a Gargoyle Abyssal Knight on Oct 8, 2013.
             Was a Believer of Lugonu.
             Killed by divine providence
             ... invoked by an orc priest
              (16 damage)
             ... on Level 3 of the Dungeon.
             The game lasted 00:03:02 (1597 turns).

Malachi the Skirmisher (Gargoyle Abyssal Knight)    Turns: 1597, Time: 00:03:04

HP  -7/32        AC  8     Str 15      XL: 5   Next: 42%
MP   6/6         EV 11     Int 14      God: Lugonu [**....]
Gold 70          SH  0     Dex  9      Spells:  0 memorised,  4 levels left

Res.Fire  : . . .   See Invis. : .   a - +2 mace
Res.Cold  : . . .   Warding    : .   b - +0 leather armour
Life Prot.: + . .   Conserve   : .   (no shield)
Res.Poison: +       Res.Corr.  : .   s - +0 plumed helmet
Res.Elec. : +       Clarity    : .   (no cloak)
Sust.Abil.: . .     Spirit.Shd : .   (no gloves)
Res.Mut.  : .       Stasis     : .   (no boots)
Res.Rott. : +       Flight     : .   (no amulet)
Saprovore : . . .                    (no ring)
                                     (no ring)

@: slightly resistant to hostile enchantments, very unstealthy
A: fangs 1, talons 2, life protection 1, electricity resistance, slow metabolism
1, unbreathing, petrification resistance, AC +4
a: Depart the Abyss, Bend Space, Renounce Religion


You were on level 3 of the Dungeon.
You worshipped Lugonu.
Lugonu was pleased with you.
You were not hungry.

You visited 1 branch of the dungeon, and saw 3 of its levels.
You visited the Abyss 1 time.

You collected 50 gold pieces.

Inventory:

Hand weapons
 a - a +2,+2 mace (weapon)
Armour
 b - a +0 leather armour (worn)
 s - a +0 plumed helmet (worn)
Magical devices
 t - a wand of confusion (7)
Comestibles
 c - 4 bread rations
 g - 3 meat rations
 h - a pear
 o - an orange
 p - a choko
 w - a chunk of jackal flesh
Scrolls
 d - a scroll of enchant weapon I {unknown}
 e - a scroll of identify {unknown}
 f - a scroll of magic mapping {unknown}
 i - 3 scrolls of recharging {unknown}
 k - a scroll of amnesia {unknown}
 l - a scroll of curse armour {unknown}
 m - a scroll of teleportation {unknown}
 n - a scroll of random uselessness {unknown}
 q - 2 scrolls of enchant armour {unknown}
Potions
 j - a potion of restore abilities {unknown}
 r - 2 potions of curing {unknown}
 u - a potion of agility {unknown}
 v - a potion of mutation {unknown}
 x - a potion of berserk rage {unknown}


   Skills:
 + Level 4.3 Fighting
 + Level 3.2 Maces & Flails
 + Level 2.9 Armour
 + Level 2.4 Dodging
 + Level 2.3 Invocations


You had 4 spell levels left.
You didn't know any spells.

Dungeon Overview and Level Annotations

Branches:
Dungeon (3/27)

Altars:
Fedhas


Innate Abilities, Weirdness & Mutations

You are resistant to torment.
You are immune to poison.
Your stone body is very resilient (AC +4).
You have very sharp teeth.
You have razor-sharp toenails.
You resist negative energy.
You are resistant to electric shocks.
You have a slow metabolism.
You can survive without breathing.
You are immune to petrification.


Message History

The orc priest hits you with an orcish dagger.
The orc priest mumbles some strange prayers to Beogh against you.
Pain shoots through your body!
* * * LOW HITPOINT WARNING * * *
You are too injured to fight recklessly!
You are too injured to fight recklessly!
You are too injured to fight recklessly!
You barely miss the orc priest.
The orc priest is severely wounded.
The orc priest hits you but does no damage.
You barely miss the orc priest.
The orc priest is severely wounded.
The orc priest hits you but does no damage.
You hit the orc priest but do no damage.
Your bite misses the orc priest.
The orc priest is severely wounded.
The orc priest mumbles some strange prayers to Beogh against you.
Something smites you!
Ouch! That really hurt!
You die...

######+#######
#............#
#............#
#............#
#............#
####.........<..#
#.o@............#
#.##............#
.. #............#
## #............#
#............#
##############


You could see an orc priest.

Vanquished Creatures
  An orc priest (D:3)
  An orc wizard (D:3)
  Ijyb (D:2)
  2 adders (D:2)
  2 gnolls (D:2)
  3 giant geckos
  A ball python (D:1)
  4 goblins
  7 hobgoblins
  6 jackals (D:2)
  11 kobolds
  6 bats
  2 giant cockroaches (D:1)
  2 giant newts
  4 rats
53 creatures vanquished.

Notes
Turn   | Place    | Note
--------------------------------------------------------------
     0 | Abyss:1  | Malachi, the Gargoyle Abyssal Knight, began the quest for the Orb.
     0 | Abyss:1  | Reached XP level 1. HP: 12/12 MP: 1/1
    46 | Abyss:1  | Noticed a hell hog
    47 | Abyss:1  | Noticed a hell hog
    48 | D:1      | Escaped the Abyss
   126 | D:1      | Reached XP level 2. HP: 17/17 MP: 2/2
   176 | D:1      | Acquired Lugonu's first power
   344 | D:1      | Reached XP level 3. HP: 18/22 MP: 4/4
   461 | D:1      | Reached skill level 4 in Fighting
   826 | D:2      | Reached skill level 1 in Dodging
   892 | D:2      | Found a blossoming altar of Fedhas.
   911 | D:2      | Acquired Lugonu's second power
  1040 | D:2      | Reached XP level 4. HP: 21/28 MP: 5/5
  1390 | D:3      | Noticed Ijyb
  1426 | D:2      | Killed Ijyb
  1587 | D:3      | Reached XP level 5. HP: 22/32 MP: 6/6
  1597 | D:3      | Killed from afar by an orc priest

Action                   |  1- 3 |  4- 6 || total
-------------------------+-------+-------++-------
Melee: Mace              |    91 |    45 ||   136
Invok: Depart the Abyss  |     1 |       ||     1
